 Dungeon Crawl Stone Soup version 0.29.1-12-g30fa7ad0bf (webtiles) character file.

Game seed: 6194240099649718712

70 Sanktem7 the Trooper (level 4, -4/41 HPs)
             Began as a Minotaur Fighter on Jan 7, 2023.
             Slain by Sigmund
             ... wielding a +0 scythe
              (10 damage)
             ... on level 2 of the Dungeon.
             The game lasted 00:01:41 (1007 turns).

Sanktem7 the Trooper (Minotaur Fighter)             Turns: 1007, Time: 00:01:41

Health: -4/41      AC:  7    Str: 23    XL:     4   Next: 4%
Magic:  3/3        EV:  9    Int:  5    God:
Gold:   12         SH:  0    Dex:  9    Spells: 3/3 levels left

rFire   . . .      SeeInvis .   a - +0 war axe {axe}
rCold   . . .      Faith    .   c - +0 buckler
rNeg    . . .      Spirit   .   b - +0 scale mail
rPois   .          Reflect  .   (helmet restricted)
rElec   .          Harm     .   (no cloak)
rCorr   .          Rampage  .   (no gloves)
Will    .....                   (no boots)
Stlth   ..........              (no amulet)
HPRegen 0.13/turn               (no ring)
MPRegen 0.08/turn               (no ring)

@: confused
A: horns 2, retaliatory headbutt
a: no special abilities


You were on level 2 of the Dungeon.
You visited 1 branch of the dungeon, and saw 2 of its levels.

You collected 12 gold pieces.


Innate Abilities, Weirdness & Mutations

You have a pair of horns on your head.
You reflexively headbutt those who attack you in melee.


   Skills:
 * Level 4.6 Fighting
 * Level 3.8 Axes
 + Level 4.2 Armour
 - Level 3.6 Shields


You had 3 spell levels left.
You didn't know any spells.
Your spell library was empty.

Inventory:

Hand Weapons
 a - a +0 war axe (weapon) {axe}
 j - a +0 whip of venom {mace}
   (You took it off a kobold on level 2 of the Dungeon)
 l - a +0 hand axe of electrocution {axe}
   (You found it on level 2 of the Dungeon)
Missiles
 f - 20 stones (quivered) {throwing}
Armour
 b - a +0 scale mail (worn)
 c - a +0 buckler (worn)
Scrolls
 e - a scroll of identify {unknown}
 g - a scroll of poison {unknown}
 h - a scroll of magic mapping {unknown}
 k - a scroll of teleportation {unknown}
Potions
 d - a potion of might
 i - a potion of degeneration {unknown}

Dungeon Overview and Level Annotations

Branches:
Dungeon (2/15) Zot: 10966

Altars:

Shops:
D:1 =

Annotations:
D:2 Sigmund

#.........##### #..
#......##.....####### #.#
#####.#######.......###.#
#.#### #.............
#....###........####.
####..##.#.......<. .
#.#....#...........
#..{...............
#.@................
#.............###..
#.............. ..
###.......# .........
##.....## #....# .#...


There were no monsters in sight!


Message History

You feel sick.
You feel sick.
You feel sick.
You feel sick.
You are no longer poisoned.
You see here an adder corpse.
Found a stone staircase leading up. 😎 HP[+4]
Your hp is fully restored (41).
Found a stone staircase leading down.
Found a stone staircase leading up.
No target in view!
l - a +0 hand axe of electrocution {axe} A ball python comes into view.
The ball python hisses angrily.
Sigmund the Dreaded comes into view.
He is wielding a +0 scythe.
The ball python completely misses you. The ball python grabs you.
The ball python constricts you.
You closely miss the ball python. The ball python closely misses you.
The ball python constricts you. 😕 HP[-1]
You take 1 damage, and now have 40/41 hp.
You slash the ball python!
You kill the ball python! 😎 HP[+1]
Your hp is fully restored (41).
Sigmund is nearby!
A ball python comes into view.
Sigmund shouts!
The ball python hisses angrily.
Sigmund hits you from afar with a +0 scythe! 😕 HP[-7]
You take 7 damage, and now have 34/41 hp.
Unknown command.
Sigmund barely misses you.
You closely miss Sigmund. Sigmund barely misses you.
You closely miss Sigmund. You hit the ball python.
You block the ball python's attack. The ball python closely misses you.
The ball python misses you. The ball python grabs you.
The ball python constricts you. You block Sigmund's attack.
You barely miss Sigmund. You closely miss the ball python.
The ball python bites you but does no damage.
The ball python constricts you.
The ball python bites you but does no damage.
The ball python constricts you. 😕 HP[-1]
You take 1 damage, and now have 33/41 hp.
You slash Sigmund! Your headbutt misses Sigmund. You slash the ball python!
You kill the ball python!
You block Sigmund's attack.
You barely miss Sigmund. You headbutt Sigmund.
Sigmund hits you but does no damage. 😕 HP[+1]
You barely miss Sigmund. You headbutt Sigmund. Sigmund barely misses you.
You closely miss Sigmund. Sigmund hits you but does no damage.
You hit Sigmund.
Sigmund drinks a potion.
Sigmund is healed!
You hit Sigmund but do no damage. Sigmund barely misses you.
You closely miss Sigmund. Sigmund gestures at you while chanting.
You are confused.
Sigmund gestures at you while chanting.
You are more confused. 😕 HP[+1]
You barely miss Sigmund. You headbutt Sigmund!
Sigmund hits you with a +0 scythe. 😕 HP[-2]
You take 2 damage, and now have 33/41 hp.
You barely miss Sigmund.
Sigmund mumbles some strange words.
Sigmund flickers and vanishes!
Deactivating autopickup; reactivate with Ctrl-A.
You hear some strange, mumbled words.
A magic dart appears from out of thin air!
The magic dart hits you! 😮 HP[-7]
You take 7 damage, and now have 26/41 hp.
You barely miss something. Your headbutt misses something.
Something hits you. 😮 HP[-3]
You take 3 damage, and now have 23/41 hp.
Something hits you. 😮 HP[-2]
You take 2 damage, and now have 21/41 hp.
You hear some strange, mumbled words.
A magic dart appears from out of thin air!
The magic dart hits you!
* * * LOW HITPOINT WARNING * * *
😨 HP[-9]
You take 9 damage, and now have 12/41 hp.
MASSIVE DAMAGE!! (PAUSE)
Something hits you!
* * * LOW HITPOINT WARNING * * *
😱 HP[-6]
You take 6 damage, and now have 6/41 hp.
You hear some strange, mumbled words.
You are more confused.
You barely miss something. Your headbutt misses something. Something hits you!
You die...

Skill      XL: |  1  2 |
---------------+-------+-----
Fighting       | 4 |  4.6
Axes           | 3 |  3.8
Armour         | 4 |  4.2
Shields        | |  3.6

Action                   |  1- 3 |  4- 6 || total
-------------------------+-------+-------++-------
Melee: War axe           |    51 |    16 ||    67
       Headbutt          |     8 |     3 ||    11
Armor: Scale mail        |    27 |     4 ||    31
Dodge: Dodged            |    32 |     8 ||    40
Block: Buckler           |    19 |     3 ||    22

Levels and vault maps discovered:
D:1:      minmay_arrival_loop, layout_rooms, serial_shops, shop,
          ebering_ecumenical_altar_ruins
D:2:      layout_rooms, uniq_sigmund, uniq_robin

Notes
Turn   | Place    | Note
-------+----------+-------------------------------------------
     0 | D:1      | Sanktem7 the Minotaur Fighter began the quest for the Orb.
     0 | D:1      | Reached XP level 1. HP: 19/19 MP: 0/0
     0 | D:1      | magus.rc [v1.9.6]
    70 | D:1      | Found Mourosute's Jewellery Emporium.
   185 | D:1      | Reached XP level 2. HP: 22/27 MP: 1/1
   277 | D:1      | Reached skill level 4 in Fighting
   285 | D:1      | Found a faded altar of an unknown god.
   321 | D:1      | Reached skill level 3 in Axes
   519 | D:2      | Reached skill level 4 in Armour
   551 | D:2      | Noticed Robin
   554 | D:2      | Reached XP level 3. HP: 29/33 MP: 2/2
   561 | D:2      | Killed Robin
   841 | D:2      | Reached XP level 4. HP: 37/41 MP: 3/3
   966 | D:2      | Noticed Sigmund
  1005 | D:2      | HP: 6/41 [something (7)]
  1007 | D:2      | Slain by Sigmund

Vanquished Creatures
  Robin (D:2)
  An adder (D:2)
  A dart slug (D:2)
  7 ball pythons
  5 endoplasms
  2 giant cockroaches (D:1)
  11 goblins
  4 hobgoblins
  3 bats
  2 frilled lizards (D:1)
  2 kobolds
  3 rats (D:1)
42 creatures vanquished.

Table legend:
 A = Non-vault XP
 B = Vault XP
 C = Vault XP percentage of total XP
 D = Non-vault monster count
 E = Vault monster count
 F = Vault count percentage of total count
                 A         B        C        D         E       F
            +---------+---------+-------+---------+---------+-------
      Total |      64 |      37 |  36.6 |      30 |      12 |  28.6
            +---------+---------+-------+---------+---------+-------
        D:1 |      36 |       0 |   0.0 |      22 |       0 |   0.0
        D:2 |      28 |      37 |  56.9 |       8 |      12 |  60.0
            +---------+---------+-------+---------+---------+-------

Illustrated notes

Table legend:
 A = Kills in this place as a percentage of kills in entire the game.
 B = Kills by you in this place as a percentage of kills by you in the entire game.
 C = Kills by friends in this place as a percentage of kills by friends in the entire game.
 D = Other kills in this place as a percentage of other kills in the entire game.
 E = Experience gained in this place as a percentage of experience gained in the entire game.
 F = Experience gained in this place divided by the number of levels of this place that you have seen.
                   A       B       C       D       E      F
               +-------+-------+-------+-------+-------+----------------------
         Total | 100.0 | 100.0 |   N/A |   N/A | 100.0 |  50.5
       Dungeon | 100.0 | 100.0 |   N/A |   N/A | 100.0 |  50.5
               +-------+-------+-------+-------+-------+----------------------

Table legend: (Time is in decaauts)
 A = Elapsed time spent in this place.
 B = Non-inter-level travel time spent in this place.
 C = Inter-level travel time spent in this place.
 D = Time resting spent in this place.
 E = Time spent auto-exploring this place.
 F = Levels seen in this place.
 G = Mean time per level.
                   A        B        C        D        E       F      G
               +--------+--------+--------+--------+--------+-----+--------+
         Total |   1032 |   1032 |      0 |      0 |    838 |   2 |  516.0 |
       Dungeon |   1032 |   1032 |      0 |      0 |    838 |   2 |  516.0 |
               +--------+--------+--------+--------+--------+-----+--------+

Top non-repeatable levels by time:
     D:1: 530 daAuts
     D:2: 502 daAuts
